 Dungeon Crawl Stone Soup version 0.30-a0-937-ga0a21ad780 (webtiles) character file.

Game seed: 6979119040810163760

266650 mopl the Fetichist (level 20, -12/140 HPs)
             Began as an Octopode Hedge Wizard on Mar 23, 2023.
             Was the Champion of Vehumet.
             Killed from afar by a living spell (64 damage)
             ... with a crystal spear
             ... summoned by a walking crystal tome
             ... on level 4 of the Abyss on Mar 24, 2023.
             The game lasted 02:20:47 (37632 turns).

mopl the Fetichist (Octopode Hedge Wizard)         Turns: 37632, Time: 02:20:48

Health: -12/140    AC:  7    Str:  7    XL:     20   Next: 10%
Magic:  32/38      EV: 25    Int: 36    God:    Vehumet [******]
Gold:   1488       SH: 24    Dex: 12    Spells: 16/47 levels left

rFire   + . .      SeeInvis +    b - staff of conjuration
rCold   + + .      Faith    .    L - +6 tower shield of the Falcon {rN+}
rNeg    + . .      Spirit   .    y - +2 hat
rPois   +          Reflect  .    B - amulet of regeneration
rElec   +          Rampage  .    a - ring "Hedd" {Ice rElec rPois}
rCorr   +                        e - +5 ring of evasion
Will    +....                    f - ring of Nemelex Xobeh's Hope {Fire Str-3 SInv Stlth+}
Stlth   ++++                     V - +4 ring of protection
HPRegen 1.23/turn                W - +6 ring of intelligence
MPRegen 0.26/turn                t - +5 ring of evasion
                                 v - ring of protection from cold
                                 H - +6 ring of intelligence

@: brilliant, resistant, radiating poison, flying, very slightly contaminated,
hasted, very quick
A: almost no armour, amphibious, 8 rings, camouflage 1, gelatinous body 1,
(nimble swimmer 1), tentacles
}: 2/15 runes: barnacled, gossamer
a: Renounce Religion


You were on level 4 of the Abyss.
You worshipped Vehumet.
Vehumet was exalted by your worship.
You visited 6 branches of the dungeon, and saw 31 of its levels.
You visited the Abyss 1 time.
You also visited: Sewer, Bailey and Ice Cave.

You collected 3969 gold pieces.
You spent 2481 gold pieces at shops.

Inventory:

Missiles
 C - 43 poisoned darts
 D - a curare-tipped dart
 I - 3 throwing nets
 T - 3 boomerangs of dispersal
 U - 5 silver javelins
Armour
 y - a +2 hat (worn)
 L - the +6 tower shield of the Falcon (worn) {rN+}
   (You found it in a bailey)

   rN:        It protects you from negative energy.
Magical Staves
 b - a staff of conjuration (weapon)
Jewellery
 a - the ring "Hedd" (left tentacle) {Ice rElec rPois}
   (You found it on level 4 of the Shoals)

   [ring of ice]

   It enhances your ice magic.
   rF:        It makes you vulnerable to fire.
   rC:        It protects you from cold.
   rElec:     It insulates you from electricity.
   rPois:     It protects you from poison.
 e - a +5 ring of evasion (right tentacle)
 f - the ring of Nemelex Xobeh's Hope (on tentacle) {Fire Str-3 SInv Stlth+}
   (You acquired it on level 1 of the Shoals)

   [ring of fire]

   It enhances your fire magic.
   Str:       It affects your strength (-3).
   rF:        It protects you from fire.
   rC:        It makes you vulnerable to cold.
   SInv:      It lets you see invisible.
   Stlth:     It makes you more stealthy.
 j - an amulet of magic regeneration
 t - a +5 ring of evasion (on tentacle)
 v - a ring of protection from cold (on tentacle)
 B - an amulet of regeneration (around mantle)
 H - a +6 ring of intelligence (on tentacle)
 V - a +4 ring of protection (on tentacle)
 W - a +6 ring of intelligence (on tentacle)
Wands
 g - a wand of flame (51)
 z - a wand of polymorph (26)
 A - a wand of roots (14)
 M - a wand of digging (11)
 O - a wand of charming (9)
 S - a wand of mindburst (6)
 X - a wand of acid (13)
Scrolls
 d - 5 scrolls of magic mapping
 h - 4 scrolls of vulnerability
 i - 10 scrolls of blinking
 l - 12 scrolls of teleportation
 n - 5 scrolls of fear
 r - 2 scrolls of enchant armour
 u - 3 scrolls of silence {!r}
 x - a scroll of summoning
 G - a scroll of enchant weapon
 K - 2 scrolls of poison
 P - 3 scrolls of fog
Potions
 c - 2 potions of magic
 k - 5 potions of brilliance
 m - 11 potions of ambrosia
 o - 3 potions of might
 p - 6 potions of heal wounds
 q - 5 potions of haste
 s - 5 potions of cancellation
 w - 9 potions of curing
 E - a potion of invisibility
 J - 7 potions of lignification {!q}
 N - a potion of flight
 Q - 3 potions of berserk rage {!q}
 Y - a potion of resistance
Miscellaneous
 F - a phial of floods
 R - a lightning rod (4/4)


   Skills:
 - Level 13.0 Fighting
 - Level 10.0 Dodging
 - Level 2.6 Stealth
 + Level 14.7 Shields
 + Level 14.1 Spellcasting
 + Level 15.0 Conjurations
 - Level 1.0 Summonings
 - Level 5.0 Translocations
 - Level 10.0 Transmutations
 + Level 9.9 Fire Magic
 - Level 5.0 Air Magic
 - Level 11.0 Poison Magic
 - Level 15.0 Evocations


You had 16 spell levels left.
You knew the following spells:

 Your Spells              Type           Power      Damage    Failure   Level
b - Plasma Beam           Fire/Air       54%        2x1d76    1%          5
c - Mephitic Cloud        Conj/Pois/Air  100%       N/A       1%          3
d - Sticky Flame          Conj/Fire      100%       2d11      1%          4
e - Blink                 Tloc           100%       N/A       1%          2
g - Ignite Poison         Fire/Tmut/Pois 100%       N/A       1%          3
i - Irradiate             Conj/Tmut      65%        3d33      1%          5
o - Olgreb's Toxic Radia  Pois           100%       N/A       1%          4
C - Freezing Cloud        Conj/Ice/Air   64%        6-21      2%          5

Your spell library contained the following spells:

 Spells                   Type           Power      Damage    Failure   Level
 Maxwell's Capacitive Co  Air            37%        ∞         100%        8
 Chain Lightning          Conj/Air       60%        3d80      100%        9
 Polar Vortex             Ice            27%        N/A       100%        9
 Magic Dart               Conj           100%       1d8       0%          1
 Searing Ray              Conj           100%       2d8       0%          2
 Freeze                   Ice            100%       1d10      1%          1
 Kiss of Death            Conj/Necr      100%       2d13      1%          1
 Sting                    Tmut/Pois      100%       1d8       1%          1
 Cigotuvi's Dreadful Rot  Necr/Pois/Air  100%       N/A       1%          2
 Passwall                 Tmut/Erth      62%        N/A       1%          2
 Poisonous Vapours        Pois/Air       100%       N/A       1%          2
 Scorch                   Fire           100%       2d10      1%          2
 Dazzling Flash           Conj/Hex       100%       N/A       1%          3
 Kindle Blastsparks       Fire/Tloc/Air  100%       2d18      1%          3
 Airstrike                Air            37%        2d(6-22)  1%          4
 Flame Wave               Conj/Fire      100%       2d21      1%          4
 Fulminant Prism          Conj/Hex       54%        3d22      1%          4
 Iskenderun's Mystic Bla  Conj/Tloc      100%       2d19      1%          4
 Gell's Gravitas          Tloc           75%        N/A       2%          3
 Swiftness                Air            75%        N/A       2%          3
 Teleport Other           Tloc           75%        N/A       2%          3
 Slow                     Hex            100%       N/A       5%          1
 Call Imp                 Summ           49%        N/A       5%          2
 Passage of Golubria      Tloc           75%        N/A       7%          4
 Petrify                  Tmut/Erth      75%        N/A       7%          4
 Ensorcelled Hibernation  Hex/Ice        100%       N/A       9%          2
 Sublimation of Blood     Necr           38%        N/A       9%          2
 Summon Lightning Spire   Summ/Air       63%        N/A       16%         4
 Ozocubu's Armour         Ice            55%        N/A       17%         3
 Lee's Rapid Deconstruct  Erth           19%        3d11*     36%         5
 Cause Fear               Hex            19%        N/A       50%         4
 Leda's Liquefaction      Hex/Erth       19%        N/A       50%         4
 Silence                  Hex/Air        30%        N/A       50%         5
 Dragon Form              Tmut           49%        N/A       61%         7
 Dispersal                Tloc           37%        N/A       73%         6
 Statue Form              Tmut/Erth      50%        N/A       73%         6
 Ignition                 Fire           60%        3d16      80%         8
 Agony                    Necr           38%        N/A       83%         5
 Metabolic Englaciation   Hex/Ice        27%        N/A       83%         5
 Lehudib's Crystal Spear  Conj/Erth      54%        10d13     98%         8
 Summon Cactus Giant      Summ           24%        N/A       99%         6
 Dragon's Call            Summ           24%        N/A       100%        9


Dungeon Overview and Level Annotations

Branches:
Dungeon (13/15)            Temple (0/1) D:6            Lair (5/5) D:9
 Shoals (4/4) Lair:3       Spider (4/4) Lair:2        Slime (0/5) Lair:4
    Orc (2/2) D:12            Elf (3/3) Orc:2        Vaults (0/5) D:13
  Sewer (visited)          Bailey (visited)           IceCv (visited)

Altars:
Dithmenos
Fedhas
Gozag
Makhleb
Okawaru
Vehumet
Wu Jian
Xom
The Shining One
Jiyva

Shops:
D:1 :   D:4 (   Orc:2 (:[*=[[   Elf:1 (   Elf:3 !   Shoals:1 ?

Portals:
Trove: Elf:2 (give 6 scrolls of fear)

Annotations:
D:13 Nessos, Rupert
Lair:2 3 runed translucent doors, Nepie's ghost, novice TrBe
Lair:5 3 runed translucent doors, Dearph's ghost, journeyman FoHs; Uboida's ghost, journeyman DEEE; Ytwegg's ghost, journeyman TrFi; Zousuph's ghost, journeyman OpFi
Shoals:1 3 runed translucent doors, emiel's ghost, journeyman FoFi
Shoals:3 2 transporters, Nepie's ghost, journeyman GrFi
Elf:1 6 runed translucent doors
Elf:2 3 runed translucent doors
Elf:3 1 exclusion


Innate Abilities, Weirdness & Mutations

You cannot wear most types of armour.
You are amphibious.
You can wear up to eight rings at the same time.
Your skin changes colour to match your surroundings (Stealth+).
Your rubbery body absorbs attacks. (AC +1, EV +1)
((You are camouflaged when in or above water. (Stealth+)))
You have tentacles for arms and can constrict up to eight enemies at once.


Message History

The dire elephant seems to burn from within!!
You kill the dire elephant!
Vehumet accepts your kill.
The dire elephant seems to burn from within!
The dire elephant is severely wounded.
The elephant seems to burn from within!!
The elephant is almost dead.
The hellephant seems to burn from within!
The hellephant is severely wounded.
The purple draconian shifter seems to burn from within!!
You kill the purple draconian shifter!
Vehumet accepts your kill.
You feel your power returning.
The wolf spider seems to burn from within!!
You kill the wolf spider!
The wolf spider's corpse disappears in a puff of smoke!
The spatial vortex is engulfed in freezing vapours. x4
The walking crystal tome erupts in a flurry of living spells!
The tarantella is engulfed in freezing vapours.
Your Conjurations skill increases to level 15!
Unknown command.
Unknown command.
Casting: Ignite Poison (safe; 1% risk of failure)
Confirm with . or Enter, or press ? or * to list all spells.
You feel a surge of power!
You begin to radiate toxic energy.
The dire elephant is poisoned.
You kill the elephant!
Vehumet accepts your kill.
You feel your power returning.
The hellephant is poisoned.
The tarantella is poisoned.
The dire elephant looks even sicker.
The spatial vortex is engulfed in freezing vapours.
The spatial maelstrom completely misses you.
The spatial maelstrom barely misses you.
The spatial vortex is engulfed in freezing vapours.
The spatial vortex dissipates!
The living spell is engulfed in freezing vapours.
You destroy the living spell!
The living spell casts itself at you. The crystal spear hits you!!!
You die...

#.# #### ## ..
⌠§.##.. ≈≈..§≈..#.
#########§§§.⌠≈..#
#≈§≈≈≈≈≈≈§§vX.⌠..
.......≈≈§≈§.#..
.8.....§≈§*.*#
###..#Y§@≈≈*≈.#
#v§§..Yvv≈≈*≈;#
#§§§§v†.§§≈≈≈#*...
#§§§.##§sv§§≈..#..
######§x§§≈§≈..#.
.....≈##≈..#..# .
. ..≈## ...†# #
§≈≈≈§##≈..⌠..† .
####### . §.# ##


You could see a hellephant (poisoned), a dire elephant (very poisoned), a
walking crystal tome, a tentacled starspawn, a spatial maelstrom, 5 spatial
vortices, a worldbinder, a tarantella (summoned, poisoned) and 5 living crystal
spells.

Vanquished Creatures
  Mara (Spider:3)
  Nikola (Spider:1)
  A hellephant (Abyss:4)
  2 Ice Fiends (IceCv)
  A deep elf blademaster (Elf:3)
  2 krakens
  Polyphemus (Shoals:4)
  Gastronok (Lair:3)
  2 tentacled starspawn (Abyss:4)
  Kirke (D:12)
  Donald (Shoals:3)
  Ilsuiw (Shoals:3)
  4 deep elf sorcerers
  A frost giant (Shoals:4)
  4 emperor scorpions
  4 ghost moths
  Aizul (Spider:1)
  3 draconian shifters (Abyss:4)
  A cacodemon (Abyss:4)
  An orc warlord (Orc:2)
  A very ugly thing (Abyss:3)
  2 broodmothers
  4 deep elf annihilators
  4 deep elf demonologists
  5 dire elephants (Abyss:4)
  2 deep elf death magi (Elf:3)
  8 merfolk impalers
  6 merfolk javelineers
  7 entropy weavers
  Josephine (Orc:1)
  3 deep elf high priests
  4 caustic shrike simulacra (IceCv)
  An ogre mage (Orc:2)
  2 alligator snapping turtles
  2 merfolk avatars
  2 jorogumos
  2 ghost crabs (Spider:2)
  3 hydras
  3 radroaches
  4 boulder beetles
  A centaur warrior (D:13)
  3 catoblepae
  21 dancing weapons
  13 death yaks
  A satyr (Shoals:4)
  6 two-headed ogres
  3 merfolk aquamancers
  5 orc high priests
  17 deep elf knights
  Urug (Lair:4)
  2 sun demons (Shoals:2)
  A tengu warrior (D:12)
  2 skysharks
  A goliath frog (Lair:5)
  2 pharaoh ants
  3 sun moths
  A sea snake (shapeshifter) (Elf:1)
  16 sea snakes
  Amaemon (D:8)
  14 deep elf archers
  A bog body (IceCv)
  A spriggan simulacrum (IceCv)
  10 orb spiders
  An obsidian statue (IceCv)
  A phantasmal warrior (Abyss:3)
  7 steelbarb worms
  A shadow demon (Abyss:4)
  Pikel (D:6)
  11 harpies
  22 deep elf zephyrmancers
  4 orc knights
  An ugly thing (D:8)
  19 deep elf pyromancers
  6 cyclopes
  10 orc sorcerers
  21 wolf spiders
  16 manticores
  5 elephants
  A moth of wrath (shapeshifter) (Abyss:3)
  3 moths of wrath
  9 water nymphs
  9 merfolk sirens
  Joseph (D:7)
  4 black mambas
  6 demonic crawlers
  3 orange demons
  Maggie (D:7)
  A gargoyle (D:12)
  A smoke demon (Abyss:3)
  5 torpor snails
  7 freezing wraiths (IceCv)
  4 kobold demonologists (D:9)
  13 cane toads
  A rime drake (Lair:5)
  A golden dragon simulacrum (IceCv)
  An ice devil (IceCv)
  6 komodo dragons
  An ancient zyme (Abyss:4)
  4 trolls
  3 wind drakes
  16 merfolk
  5 tyrant leeches
  6 hornets (Spider:4)
  30 tarantellas
  36 blink frogs
  3 snapping turtles
  7 dream sheep
  5 air elementals
  20 culicivoras
  27 jumping spiders
  10 water elementals
  A vampire (D:11)
  5 wyverns
  A shadow (D:13)
  5 wraiths
  A fire elemental (Elf:1)
  A hog (shapeshifter) (Elf:3)
  51 redbacks
  47 yaks
  4 hogs (D:12)
  A dire elephant simulacrum (IceCv)
  3 steam dragons (D:8)
  14 vampire mosquitoes
  17 humans
  3 small abominations (Abyss:4)
  3 wargs
  4 spatial vortices (Abyss:4)
  3 acid dragons
  3 hydra simulacra (IceCv)
  An ice beast (D:4)
  43 orc warriors
  10 water moccasins
  A sky beast (shapeshifter) (Elf:1)
  A swamp drake (D:12)
  2 ettin simulacra (IceCv)
  A black bear (D:5)
  9 ogres
  2 sky beasts
  3 centaurs
  3 lemures
  32 wolves
  7 kobold brigands
  A phantom (D:6)
  12 bullfrogs
  A deep troll simulacrum (IceCv)
  A gnoll sergeant (D:11)
  15 wights
  6 killer bees (D:10)
  2 electric eels (Lair:5)
  7 howler monkeys
  3 hounds
  A jelly (D:4)
  27 orc priests
  A gnoll bouda (D:8)
  3 iguanas
  26 orc wizards
  6 hell rats (Lair:4)
  16 gnolls
  5 river rats
  11 adders
  A shadow imp (D:7)
  3 worms
  5 dart slugs
  110 orcs
  7 bats
  9 endoplasms
  9 giant cockroaches
  2 goblins (D:2)
  7 hobgoblins
  3 jackals (Sewer)
  A quokka (D:3)
  7 ball pythons
  5 frilled lizards
  14 kobolds
  10 rats
  A starspawn tentacle (Abyss:4)
  5 tentacles
1227 creatures vanquished.

Vanquished Creatures (collateral kills)
  An obsidian statue (IceCv)
1 creature vanquished.

Vanquished Creatures (others)
  An entropy weaver (Spider:4)
  A tyrant leech (Spider:2)
  An orc warrior (Elf:1)
  42 fungi
  A lurking horror (Abyss:4)
  191 plants
  8 starspawn tentacles (Abyss:4)
  4 tentacles
249 creatures vanquished.

Grand Total: 1477 creatures vanquished

Notes
Turn   | Place    | Note
-------+----------+-------------------------------------------
     0 | D:1      | mopl the Octopode Hedge Wizard began the quest for the Orb.
     0 | D:1      | Reached XP level 1. HP: 11/11 MP: 4/4
   111 | D:1      | Found Ficvof's Book Boutique.
   321 | D:1      | Reached XP level 2. HP: 17/17 MP: 6/6
   492 | D:1      | Learned a level 2 spell: Blink
  1222 | D:2      | Reached XP level 3. HP: 10/21 MP: 7/7
  1275 | D:2      | Learned a level 3 spell: Mephitic Cloud
  1375 | D:2      | Reached skill level 2 in Translocations
  1381 | D:2      | Reached skill level 2 in Conjurations
  1449 | D:2      | Reached XP level 4. HP: 6/27 MP: 9/9
  1539 | D:2      | Reached skill level 1 in Poison Magic
  1630 | D:2      | Reached skill level 1 in Air Magic
  1654 | D:2      | Reached XP level 5. HP: 31/31 MP: 3/10
  2378 | D:3      | Reached skill level 2 in Poison Magic
  2387 | D:3      | Found an iron altar of Okawaru.
  2388 | D:3      | Found a blossoming altar of Fedhas.
  2752 | D:3      | Reached XP level 6. HP: 35/36 MP: 11/11
  3121 | D:4      | Learned a level 4 spell: Olgreb's Toxic Radiance
  3225 | D:4      | Found a radiant altar of Vehumet.
  3225 | D:4      | Found a glowing golden altar of the Shining One.
  3226 | D:4      | Found an opulent altar of Gozag.
  3233 | D:4      | Became a worshipper of Vehumet
  3340 | D:4      | Noticed an ice beast
  3452 | D:4      | Found a burning altar of Makhleb.
  3462 | D:4      | Reached skill level 4 in Spellcasting
  3462 | D:4      | Reached skill level 3 in Translocations
  3462 | D:4      | Reached skill level 2 in Air Magic
  3533 | D:4      | Found Koduproc's Antique Weapon Shop.
  4007 | D:5      | Entered Level 5 of the Dungeon
  4028 | D:5      | Reached skill level 3 in Conjurations
  4117 | D:4      | Reached skill level 1 in Shields
  4388 | D:5      | Reached skill level 3 in Poison Magic
  4391 | D:5      | Reached XP level 7. HP: 41/41 MP: 9/13
  4734 | D:5      | Reached skill level 2 in Shields
  5056 | D:6      | Noticed Pikel
  5129 | D:6      | Found a glowing drain.
  5148 | Sewer    | Entered a sewer
  5198 | Sewer    | Reached * piety under Vehumet
  5198 | Sewer    | Offered knowledge of Sandblast by Vehumet.
  5285 | Sewer    | Reached skill level 4 in Translocations
  5285 | Sewer    | Reached skill level 4 in Poison Magic
  5356 | Sewer    | Reached skill level 4 in Conjurations
  5356 | Sewer    | Reached XP level 8. HP: 46/46 MP: 15/15
  5486 | Sewer    | Reached skill level 3 in Shields
  5956 | D:6      | Reached skill level 5 in Spellcasting
  5973 | D:6      | Offered knowledge of Freeze by Vehumet.
  5974 | D:6      | Reached skill level 5 in Poison Magic
  6061 | D:6      | Reached ** piety under Vehumet
  6178 | D:6      | Reached skill level 5 in Conjurations
  6387 | D:6      | Found a staircase to the Ecumenical Temple.
  6703 | D:6      | Killed Pikel
  6704 | D:6      | Reached skill level 4 in Shields
  6704 | D:6      | Reached skill level 6 in Poison Magic
  6704 | D:6      | Reached XP level 9. HP: 51/51 MP: 12/17
  6737 | D:7      | Found a shadowy altar of Dithmenos.
  6865 | D:7      | Reached skill level 6 in Spellcasting
  6871 | D:7      | Learned a level 3 spell: Ignite Poison
  7054 | D:7      | Noticed Joseph
  7083 | D:7      | Killed Joseph
  7084 | D:7      | Reached skill level 5 in Shields
  7084 | D:7      | Reached skill level 6 in Conjurations
  7084 | D:7      | Reached skill level 2 in Transmutations
  7175 | D:7      | Noticed Maggie
  7180 | D:7      | Killed Maggie
  7181 | D:7      | Reached skill level 1 in Fighting
  7181 | D:7      | Reached skill level 7 in Poison Magic
  7473 | D:8      | Noticed Amaemon
  7475 | D:8      | Noticed an orange demon
  7485 | D:8      | Killed Amaemon
  7486 | D:8      | Reached skill level 2 in Fighting
  7486 | D:8      | Reached skill level 3 in Dodging
  7486 | D:8      | Reached XP level 10. HP: 60/60 MP: 7/20
  7488 | D:8      | Killed an orange demon
  7616 | D:8      | Noticed a two-headed ogre
  7639 | D:8      | Killed a two-headed ogre
  7640 | D:8      | Reached skill level 7 in Spellcasting
  7768 | D:8      | Noticed a red ugly thing
  8072 | D:8      | Reached skill level 6 in Shields
  8089 | D:8      | Reached skill level 3 in Fighting
  8143 | D:8      | Reached skill level 4 in Dodging
  8143 | D:8      | Reached skill level 7 in Conjurations
  8143 | D:8      | Reached skill level 8 in Poison Magic
  8539 | D:9      | Noticed a kobold demonologist
  8547 | D:9      | Found a transporter.
  8550 | D:9      | Noticed a kobold demonologist
  8551 | D:9      | Noticed an orc high priest
  8557 | D:9      | Noticed a deep elf knight
  8563 | D:9      | Noticed a kobold demonologist
  8568 | D:9      | Found a transporter.
  8577 | D:9      | Noticed a kobold demonologist
  8736 | D:9      | Reached XP level 11. HP: 43/68 MP: 6/22
  8744 | D:9      | Found a flagged portal.
  8748 | D:9      | Identified the +10 spear of Purpose {flame, rF- rC- rN+++
                  | rCorr}
  8752 | D:9      | Noticed a two-headed ogre
  8758 | Bailey   | Entered a bailey
  8828 | Bailey   | Offered knowledge of Frozen Ramparts by Vehumet.
  8862 | Bailey   | Reached skill level 4 in Fighting
  8931 | Bailey   | Reached *** piety under Vehumet
  9005 | Bailey   | Got the Compendium of the Atmosphere and the Salvo
  9006 | Bailey   | Identified the +6 tower shield of the Falcon {rN+}
  9125 | D:9      | Killed a two-headed ogre
  9126 | D:9      | Reached skill level 5 in Dodging
  9370 | D:9      | Found a shimmering altar of Xom.
  9372 | D:9      | Found a shimmering altar of Xom.
  9372 | D:9      | Found a shimmering altar of Xom.
  9373 | D:9      | Found a shimmering altar of Xom.
  9373 | D:9      | Found a shimmering altar of Xom.
  9373 | D:9      | Found a shimmering altar of Xom.
  9373 | D:9      | Found a shimmering altar of Xom.
  9373 | D:9      | Found a shimmering altar of Xom.
  9376 | D:9      | Found a shimmering altar of Xom.
  9376 | D:9      | Found a shimmering altar of Xom.
  9464 | D:9      | Noticed a two-headed ogre
  9473 | D:9      | Killed a two-headed ogre
  9474 | D:9      | Reached skill level 7 in Shields
  9474 | D:9      | Reached skill level 9 in Poison Magic
  9591 | D:9      | Offered knowledge of Airstrike by Vehumet.
  9606 | D:9      | Found a staircase to the Lair.
 10038 | D:9      | Learned a level 4 spell: Sticky Flame
 10044 | D:9      | Learned a level 5 spell: Freezing Cloud
 10095 | D:10     | Entered Level 10 of the Dungeon
 10219 | D:10     | Noticed a two-headed ogre
 10226 | D:10     | Killed a two-headed ogre
 10227 | D:10     | Reached skill level 8 in Conjurations
 10257 | D:10     | Reached skill level 8 in Spellcasting
 10364 | D:10     | Reached **** piety under Vehumet
 10365 | D:10     | Reached skill level 5 in Fighting
 10847 | D:11     | Noticed a manticore
 10852 | D:11     | Killed a manticore
 11066 | D:11     | Noticed a manticore
 11090 | D:11     | Reached skill level 3 in Air Magic
 11096 | D:11     | Killed a manticore
 11102 | D:11     | Noticed a cyclops
 11281 | D:11     | Found an ornate altar of the Wu Jian Council.
 11351 | D:11     | Noticed a boulder beetle
 11357 | D:11     | Killed a boulder beetle
 11374 | D:11     | Killed a cyclops
 11375 | D:11     | Reached XP level 12. HP: 77/77 MP: 9/24
 11538 | D:11     | Reached skill level 6 in Dodging
 11667 | D:11     | Offered knowledge of Plasma Beam by Vehumet.
 11681 | D:11     | Learned a level 5 spell: Plasma Beam
 11790 | D:11     | Upgraded the game from 0.30-a0-930-gb9d0489357 to
                  | 0.30-a0-937-ga0a21ad780
 11851 | Lair:1   | Entered Level 1 of the Lair of Beasts
 12040 | D:12     | Noticed a tengu warrior
 12046 | D:12     | Killed a tengu warrior
 12047 | D:12     | Reached skill level 10 in Poison Magic
 12394 | D:12     | Found a staircase to the Orcish Mines.
 12406 | D:12     | Reached skill level 4 in Air Magic
 12445 | D:12     | Reached ***** piety under Vehumet
 12554 | D:12     | Noticed Kirke
 12563 | D:12     | Offered knowledge of Fireball by Vehumet.
 12571 | D:12     | Reached skill level 8 in Shields
 12571 | D:12     | Reached skill level 1 in Fire Magic
 12576 | D:12     | Killed Kirke
 12577 | D:12     | Reached skill level 6 in Fighting
 12744 | D:12     | Reached skill level 2 in Fire Magic
 12981 | Orc:1    | Entered Level 1 of the Orcish Mines
 13212 | Orc:1    | Reached skill level 9 in Conjurations
 13486 | Orc:1    | Noticed Josephine
 13643 | Orc:1    | Killed Josephine
 13644 | Orc:1    | Reached skill level 7 in Dodging
 13644 | Orc:1    | Reached skill level 9 in Spellcasting
 13864 | Orc:2    | Entered Level 2 of the Orcish Mines
 13876 | Orc:2    | Noticed an orc high priest
 13878 | Orc:2    | Noticed an orc high priest
 13882 | Orc:2    | Reached skill level 3 in Fire Magic
 13883 | Orc:2    | Killed an orc high priest
 13885 | Orc:2    | Killed an orc high priest
 13886 | Orc:2    | Reached skill level 7 in Fighting
 13886 | Orc:2    | Reached XP level 13. HP: 86/86 MP: 22/26
 13915 | Orc:2    | Found Pystu's Antique Armour Emporium.
 13919 | Orc:2    | Reached skill level 9 in Shields
 13942 | Orc:2    | Found Yfeohesa's Jewellery Emporium.
 13964 | Orc:2    | Found a staircase to the Elven Halls.
 13985 | Orc:2    | Found Fieteost's Armour Boutique.
 14117 | Orc:2    | Offered knowledge of Conjure Ball Lightning by Vehumet.
 14213 | Orc:2    | Reached skill level 8 in Dodging
 14316 | Orc:2    | Noticed an orc warlord
 14348 | Orc:2    | Killed an orc warlord
 14349 | Orc:2    | Reached skill level 10 in Conjurations
 14555 | Orc:2    | Reached skill level 8 in Fighting
 14573 | Orc:2    | Reached skill level 1 in Evocations
 14803 | Orc:2    | Found Zehiez's Antique Armour Boutique.
 14804 | Orc:2    | Found Upuen's Antique Weapon Shop.
 14806 | Orc:2    | Found Ronal's General Store.
 14806 | Orc:2    | Found Tirouk's Book Boutique.
 14822 | Orc:2    | Bought a scroll of teleportation for 39 gold pieces
 14822 | Orc:2    | Bought a scroll of blinking for 97 gold pieces
 14822 | Orc:2    | Bought a scroll of magic mapping for 97 gold pieces
 14979 | Orc:2    | Bought a ring of magical power for 300 gold pieces
 14979 | Orc:2    | Bought a +4 ring of protection for 540 gold pieces
 14979 | Orc:2    | Bought a +6 ring of intelligence for 540 gold pieces
 15055 | D:13     | Noticed Nessos
 15055 | D:13     | Noticed Rupert
 15055 | D:13     | Found a gate to the Vaults.
 15258 | D:13     | Reached skill level 2 in Evocations
 15719 | D:13     | Reached skill level 10 in Spellcasting
 15742 | D:13     | Reached skill level 3 in Evocations
 16029 | Lair:1   | Reached XP level 14. HP: 94/94 MP: 23/28
 16236 | Lair:1   | Reached skill level 4 in Fire Magic
 16381 | Lair:1   | Reached skill level 4 in Evocations
 16529 | Lair:2   | Found a hole to the Spider Nest.
 16754 | Lair:2   | Found a runed translucent gate.
 16832 | Lair:2   | Noticed Nepie's ghost (novice TrBe)
 16846 | Lair:2   | Found a runed translucent gate.
 16846 | Lair:2   | Found a runed translucent gate.
 16965 | Lair:2   | Offered knowledge of Eringya's Noxious Bog by Vehumet.
 16982 | Lair:2   | Reached skill level 10 in Shields
 17448 | Lair:3   | Noticed Gastronok
 17459 | Lair:3   | Killed Gastronok
 17574 | Lair:3   | Reached skill level 5 in Air Magic
 17577 | Lair:3   | Reached skill level 5 in Evocations
 17655 | Lair:3   | Found a staircase to the Shoals.
 17783 | Lair:3   | Reached skill level 9 in Dodging
 18183 | Lair:4   | Reached skill level 11 in Poison Magic
 18445 | Lair:4   | Reached ****** piety under Vehumet
 18460 | Lair:4   | Reached skill level 5 in Fire Magic
 18460 | Lair:4   | Reached skill level 6 in Evocations
 18477 | Lair:4   | Reached skill level 9 in Fighting
 18516 | Lair:4   | Noticed Urug
 18525 | Lair:4   | Killed Urug
 18793 | Lair:4   | Reached skill level 11 in Conjurations
 19372 | Lair:4   | Found a staircase to the Slime Pits.
 19394 | Lair:4   | Found a viscous altar of Jiyva.
 19609 | Lair:5   | Entered Level 5 of the Lair of Beasts
 19624 | Lair:5   | Reached XP level 15. HP: 63/101 MP: 22/29
 19625 | Lair:5   | Reached skill level 7 in Evocations
 19630 | Lair:5   | Offered knowledge of Arcjolt by Vehumet.
 19708 | Lair:4   | Learned a level 5 spell: Irradiate
 20287 | Lair:5   | Reached skill level 8 in Evocations
 20318 | Lair:5   | Reached skill level 6 in Fire Magic
 20546 | Lair:5   | Found a runed translucent gate.
 20547 | Lair:5   | Found a runed translucent gate.
 20547 | Lair:5   | Found a runed translucent gate.
 20548 | Lair:5   | Noticed Zousuph's ghost (journeyman OpFi)
 20548 | Lair:5   | Noticed Dearph's ghost (journeyman FoHs)
 20548 | Lair:5   | Noticed Uboida's ghost (journeyman DEEE)
 20548 | Lair:5   | Noticed Ytwegg's ghost (journeyman TrFi)
 20548 | Lair:5   | Noticed Uboida's ghost (journeyman DEEE)
 20609 | Lair:5   | Reached skill level 3 in Transmutations
 22103 | D:9      | Reached skill level 11 in Shields
 22103 | D:9      | Reached skill level 11 in Spellcasting
 22176 | D:9      | Noticed a sphinx
 22234 | Shoals:1 | Entered Level 1 of the Shoals
 22378 | Shoals:1 | Found Neuhum's Magic Scroll Shop.
 22386 | Shoals:1 | Bought a scroll of amnesia for 56 gold pieces
 22394 | Shoals:1 | Identified the +11 trident of Qezur {antimagic, Dex+3}
 22753 | Shoals:1 | Reached skill level 10 in Dodging
 22902 | Shoals:1 | Reached skill level 9 in Evocations
 22905 | Shoals:1 | Found a runed translucent gate.
 22905 | Shoals:1 | Found a runed translucent gate.
 22905 | Shoals:1 | Found a runed translucent gate.
 22909 | Shoals:1 | Noticed emiel's ghost (journeyman FoFi)
 23014 | Shoals:1 | Reached skill level 10 in Fighting
 23365 | Shoals:2 | Reached skill level 4 in Transmutations
 23807 | Shoals:2 | Reached XP level 16. HP: 106/109 MP: 31/31
 24090 | Shoals:2 | Offered knowledge of Iskenderun's Battlesphere by Vehumet.
 24211 | Shoals:2 | Reached skill level 7 in Fire Magic
 24298 | Shoals:2 | Reached skill level 10 in Evocations
 24331 | Shoals:2 | Noticed a kraken
 24336 | Shoals:2 | Killed a kraken
 24454 | Shoals:1 | Bought a scroll of identify for 28 gold pieces
 24454 | Shoals:1 | Bought a scroll of identify for 28 gold pieces
 24454 | Shoals:1 | Bought a scroll of identify for 28 gold pieces
 25015 | Shoals:3 | Noticed a kraken
 25021 | Shoals:3 | Killed a kraken
 25131 | Shoals:3 | Reached skill level 12 in Conjurations
 25194 | Shoals:3 | Noticed Ilsuiw
 25201 | Shoals:3 | Reached skill level 5 in Transmutations
 25206 | Shoals:3 | Killed Ilsuiw
 25206 | Shoals:3 | Noticed Donald
 25342 | Shoals:3 | Identified the ring "Nuaplaage" {Str-3 Int+9 Dex+2 SInv}
 25466 | Shoals:3 | Noticed Nepie's ghost (journeyman GrFi)
 25478 | Shoals:3 | Found a transporter.
 25478 | Shoals:3 | Found a transporter.
 25787 | Shoals:3 | Killed Donald
 26065 | Shoals:4 | Entered Level 4 of the Shoals
 26227 | Shoals:4 | Noticed Polyphemus
 26263 | Shoals:4 | Reached skill level 11 in Evocations
 26264 | Shoals:4 | Killed Polyphemus
 26546 | Shoals:4 | Reached skill level 12 in Shields
 26660 | Shoals:4 | Reached skill level 6 in Transmutations
 26660 | Shoals:4 | Reached skill level 8 in Fire Magic
 26662 | Shoals:4 | Reached skill level 11 in Fighting
 26664 | Shoals:4 | Reached XP level 17. HP: 90/117 MP: 32/32
 26684 | Shoals:4 | Got a barnacled rune of Zot
 26909 | Shoals:4 | Offered knowledge of Yara's Violent Unravelling by Vehumet.
 26921 | Shoals:4 | Reached skill level 12 in Spellcasting
 26999 | Shoals:4 | Identified the ring "Hedd" {Ice rElec rPois}
 28195 | Spider:1 | Entered Level 1 of the Spider Nest
 28215 | Spider:1 | Noticed Nikola
 28222 | Spider:1 | Killed Nikola
 28223 | Spider:1 | Reached skill level 12 in Evocations
 28827 | Spider:1 | Offered knowledge of Spellforged Servitor by Vehumet.
 28899 | Spider:1 | Noticed Aizul
 28906 | Spider:1 | Killed Aizul
 28907 | Spider:1 | Reached skill level 5 in Translocations
 28907 | Spider:1 | Reached skill level 7 in Transmutations
 28988 | Spider:1 | Found a runed translucent door.
 29533 | Spider:2 | Reached skill level 13 in Conjurations
 29610 | Spider:2 | Reached skill level 13 in Evocations
 29676 | Spider:2 | Found a frozen archway.
 29680 | IceCv    | Entered an ice cave
 30244 | IceCv    | Noticed an Ice Fiend
 30244 | IceCv    | Noticed an Ice Fiend
 30251 | IceCv    | Killed an Ice Fiend
 30251 | IceCv    | Killed an Ice Fiend
 30426 | IceCv    | Got Saddoes's Compilation of Frostbite
 30507 | Spider:2 | Reached XP level 18. HP: 126/126 MP: 34/34
 30573 | Spider:2 | Reached skill level 12 in Fighting
 30603 | Spider:1 | Reached skill level 13 in Shields
 30814 | Spider:2 | Reached skill level 8 in Transmutations
 30913 | Spider:2 | Offered knowledge of Chain Lightning by Vehumet.
 30913 | Spider:2 | Offered knowledge of Polar Vortex by Vehumet.
 30913 | Spider:2 | Offered knowledge of Maxwell's Capacitive Coupling by
                  | Vehumet.
 31643 | Shoals:1 | Bought a scroll of acquirement for 728 gold pieces
 31643 | Shoals:1 | Acquired the ring of Nemelex Xobeh's Hope {Fire Str-3 SInv
                  | Stlth+}
 32116 | Spider:3 | Noticed Mara
 32121 | Spider:3 | Noticed mopl's illusion
 32126 | Spider:3 | Killed Mara
 32834 | Spider:3 | Reached skill level 13 in Spellcasting
 32888 | Spider:4 | Entered Level 4 of the Spider Nest
 33279 | Spider:4 | Reached skill level 14 in Evocations
 33862 | Spider:4 | Reached skill level 9 in Transmutations
 33950 | Spider:4 | Got a gossamer rune of Zot
 34234 | Elf:1    | Entered Level 1 of the Elven Halls
 34240 | Elf:1    | Reached skill level 14 in Conjurations
 34330 | Elf:1    | Found Hibbuamm's Weapon Shop.
 34434 | Elf:1    | Paralysed by an air elemental for 1 turns
 34436 | Elf:1    | Reached XP level 19. HP: 133/133 MP: 18/36
 34496 | Elf:1    | Paralysed by an air elemental for 1 turns
 34820 | Elf:1    | Identified the +0 ring mail of the Mackerel {rF+ Str+2}
 34870 | Elf:1    | Paralysed by an air elemental for 1 turns
 35190 | Elf:1    | Reached skill level 13 in Fighting
 35352 | Elf:1    | Found a runed translucent gate.
 35352 | Elf:1    | Found a runed translucent gate.
 35352 | Elf:1    | Found a runed translucent gate.
 35352 | Elf:1    | Found a runed translucent gate.
 35352 | Elf:1    | Found a runed translucent gate.
 35355 | Elf:1    | Found a runed translucent gate.
 35557 | Elf:2    | Reached skill level 14 in Shields
 35761 | Elf:2    | Found a runed translucent gate.
 35761 | Elf:2    | Found a runed translucent gate.
 35761 | Elf:2    | Found a runed translucent gate.
 36055 | Elf:2    | Reached skill level 9 in Fire Magic
 36110 | Elf:2    | Found a portal to a secret trove of treasure.
 36324 | Elf:3    | Entered Level 3 of the Elven Halls
 36423 | Elf:3    | Found Cetsahaw's Distillery.
 36632 | Elf:3    | Reached skill level 10 in Transmutations
 36928 | Elf:3    | Noticed a Hell Sentinel
 37166 | Elf:3    | Reached skill level 15 in Evocations
 37304 | Elf:3    | Identified the +8 gold dragon scales "Zepolywn" {+Blink Fly
                  | rPois rF+ rC+ Will+}
 37323 | Abyss:3  | Cast into level 3 of the Abyss (a deep elf sorcerer)
 37510 | Abyss:4  | Found a burning altar of Makhleb.
 37569 | Abyss:4  | Noticed a hellephant
 37582 | Abyss:4  | Killed a hellephant
 37583 | Abyss:4  | Reached skill level 14 in Spellcasting
 37590 | Abyss:4  | Reached XP level 20. HP: 105/140 MP: 29/38
 37617 | Abyss:4  | Found a corrupted altar of Lugonu.
 37617 | Abyss:4  | Noticed a hellephant
 37632 | Abyss:4  | Reached skill level 15 in Conjurations
 37632 | Abyss:4  | Killed from afar by a living spell

Illustrated notes

Levels and vault maps discovered:
D:1:      dpeg_arrival_three_same_balls, layout_basic, serial_shops, shop
D:2:      layout_basic, chequers_serial_rivers_micro_a, minmay_circle_x
D:3:      layout_basic, nicolae_overflow_squiral, grunt_ministairs_13,
          minmay_misc_feat_plants
D:4:      layout_basic, makhleb_heckhound_becter,
          gammafunk_temple_overflow_claw, serial_shops, shop
D:5:      black_bear_nest_2, layout_basic
D:6:      layout_loops_corners, lemuel_temple_firewalk_b, portal_sewer_entry_b,
          uniq_pikel
D:7:      layout_rooms, mainiacjoe_overflow_paths, uniq_maggie, uniq_joseph
D:8:      minmay_clustersquares, layout_gridville, blue_anna_alchemist,
          uniq_amaemon
D:9:      gammafunk_wand_slinger, layout_basic, xom_shifter_show,
          lair_entry_dummy, enter_bailey_2
D:10:     layout_long_grid, chequers_hall_statues_wall_a
D:11:     layout_long_grid, nicolae_wu_jian_wuxing_cycle
D:12:     layout_long_grid, erik_orc_1, chequers_decorated_corner, uniq_kirke
D:13:     layout_gridville, david_vaults_3, uniq_rupert
Lair:1:   layout_chaotic_city, grunt_megastairs_3
Lair:2:   layout_chaotic_city, spider_nest_entry_rubble,
          maelrawn_ghost_gauntlet_escape, nicolae_lair_run_with_the_wolves,
          serial_bayou_shore_b
Lair:3:   layout_loops_ring, elwin_shoals_entry_rooms, uniq_gastronok
Lair:4:   layout_layer_cave, slime_entry_1, uniq_urug
Lair:5:   minmay_lair_end_frog_pond, layout_concentric_octagons,
          gammafunk_ghost_cemetery, serial_bayou_shore_b, serial_bayou_shore_a
Shoals:1: layout_shoals, serial_shops, shop, gammafunk_ghost_split,
          nicolae_shoals_cliffside_cave
Shoals:2: layout_shoals, nicolae_shoals_sun_and_surf
Shoals:3: layout_shoals, ebering_ghost_davey_jones, nicolae_shoals_mertower,
          uniq_donald, uniq_ilsuiw
Shoals:4: shoals_end_grunt_ice, layout_shoals, uniq_polyphemus
Spider:1: cheibrodos_spider_deadly_dance, uniq_nikola, uniq_aizul
Spider:2: layout_spider_delve, portal_ice_cave_entry_pillars_2,
          nicolae_spider_swamp_cousins
Spider:3: layout_spider_delve, uniq_mara
Spider:4: spider_rune_water, nicolae_spider_stair_cavern
Orc:1:    layout_diamond_mine, mines2_lemuel, uniq_josephine
Orc:2:    st_orc_congregation, layout_caves, serial_shops, shop, shop,
          nicolae_square_shop
Elf:1:    minmay_elf_arrival_summoners, layout_gridlike, serial_shops,
          nicolae_shop_advertising_works [nicolae_subvault_shop_adworks],
          orc_legates, roderic_lattice_octagonal_star
Elf:2:    elven_hall_of_blades_hangedman_original [nicolae_blade_bullseye],
          layout_loops_cross, enter_trove_1, fountainhead
Elf:3:    elf_hall_gauntlet_narrow, layout_geoelf_diagonals, serial_shops,
          nicolae_shop_behind_doors
Abyss:4:  base: D:13, base: D:7, evilmike_abyss_rune_elephants_shrine,
          evilmike_abyss_rune_elephants_shrine, hangedman_abyss_batty_box,
          guppyfry_abyss_exit_imp_island

Skill      XL: |  1  2  3  4  5  6  7  8  9 10 11 12 13 14 15 16 17 18 19 20 |
---------------+-------------------------------------------------------------+-----
Translocations | 2 3 4 5 |  5.0
Conjurations   | 2 3 4 5 6 7 8 9 10 11 12 13 14 15 | 15.0
Poison Magic   | 1 2 3 4 6 7 8 9 10 11 | 11.0
Air Magic      | 1 2 3 4 5 |  5.0
Spellcasting   | 4 5 6 7 8 9 10 11 12 13 14 | 14.1
Shields        | 1 2 4 5 6 7 8 9 10 11 12 13 14 | 14.7
Transmutations | 2 4 6 7 9 10 | 10.0
Fighting       | 2 3 5 7 8 9 10 11 12 13 | 13.0
Dodging        | 3 4 5 7 8 9 10 | 10.0
Fire Magic     | 3 5 6 8 9 |  9.9
Evocations     | 3 6 9 11 13 14 15 | 15.0
Stealth        | |  2.6
Summonings     | |  1.0

Action                     |  1- 3 |  4- 6 |  7- 9 | 10-12 | 13-15 | 16-18 | 19-21 || total
---------------------------+-------+-------+-------+-------+-------+-------+-------++-------
  Melee: Dagger            |    51 |   118 |   201 |   211 |   386 |       |       ||   967
         Constrict         |    10 |    27 |    50 |    48 |    97 |    79 |    19 ||   330
         Tentacles         |     8 |    30 |    60 |    81 |   155 |    98 |    41 ||   473
         Punch             |       |     3 |     5 |     5 |     6 |     2 |     1 ||    22
         Unarmed           |       |       |    27 |       |       |       |       ||    27
         Staff             |       |       |       |       |     2 |   344 |   134 ||   480
   Cast: Magic Dart        |     5 |   111 |    39 |    84 |       |       |       ||   239
         Mephitic Cloud    |     2 |     5 |    15 |    44 |    25 |    30 |     2 ||   123
         Olgreb's Toxic Ra |       |       |    10 |    67 |   170 |   198 |    69 ||   514
         Ignite Poison     |       |       |     4 |    61 |    85 |    98 |    45 ||   293
         Blink             |       |       |       |     4 |       |     2 |       ||     6
         Sticky Flame      |       |       |       |     3 |    46 |    54 |     2 ||   105
         Plasma Beam       |       |       |       |       |    29 |    44 |     4 ||    77
         Irradiate         |       |       |       |       |     7 |    15 |    16 ||    38
         Freezing Cloud    |       |       |       |       |       |     9 |    19 ||    28
  Evoke: Wand              |       |       |       |     2 |       |    28 |       ||    30
         Lightning rod     |       |       |       |       |     3 |       |       ||     3
    Use: Scroll            |       |     3 |     1 |     2 |    10 |    11 |       ||    27
         Potion            |       |       |     2 |       |     1 |     5 |    11 ||    19
   Stab: Sleeping          |     8 |     5 |     6 |     3 |       |       |     3 ||    25
         Confused          |       |     1 |     9 |     1 |       |     2 |       ||    13
         Distracted        |       |     2 |       |       |       |       |     1 ||     3
         Petrified         |       |       |       |       |     1 |       |       ||     1
 Armour: Skin              |    15 |    23 |    42 |    17 |    33 |    63 |    13 ||   206
  Dodge: Dodged            |    42 |    61 |    90 |   164 |   243 |   374 |   108 ||  1082
  Block: Buckler           |       |     6 |    29 |    35 |       |       |       ||    70
         Kite shield       |       |       |       |    46 |   208 |       |       ||   254
         Tower shield      |       |       |       |       |   194 |   763 |   254 ||  1211

Table legend: (Time is in decaauts)
 A = Elapsed time spent in this place.
 B = Non-inter-level travel time spent in this place.
 C = Inter-level travel time spent in this place.
 D = Time resting spent in this place.
 E = Time spent auto-exploring this place.
 F = Levels seen in this place.
 G = Mean time per level.
                   A        B        C        D        E       F      G
               +--------+--------+--------+--------+--------+-----+--------+
         Total |  38037 |  34807 |   3230 |   7502 |  17118 |  36 | 1056.6 |
       Dungeon |  14040 |  12725 |   1315 |   2489 |   7211 |  13 | 1080.0 |
          Lair |   6228 |   5397 |    831 |    891 |   3307 |   5 | 1245.6 |
        Shoals |   5701 |   5245 |    456 |    927 |   2833 |   4 | 1425.2 |
   Spider Nest |   4715 |   4359 |    356 |   1583 |   1179 |   4 | 1178.8 |
  Orcish Mines |   2103 |   1916 |    187 |    300 |    822 |   2 | 1051.5 |
   Elven Halls |   3157 |   3074 |     83 |    727 |   1327 |   3 | 1052.3 |
         Abyss |    314 |    314 |      0 |     29 |     46 |   2 |  157.0 |
         Sewer |    590 |    590 |      0 |     71 |    241 |   1 |  590.0 |
        Bailey |    356 |    356 |      0 |     56 |     70 |   1 |  356.0 |
      Ice Cave |    829 |    829 |      0 |    429 |     82 |   1 |  829.0 |
               +--------+--------+--------+--------+--------+-----+--------+

Top non-repeatable levels by time:
Shoals:4: 1975 daAuts
  Lair:4: 1695 daAuts
     D:9: 1580 daAuts
     D:8: 1534 daAuts
Shoals:2: 1454 daAuts
     D:2: 1424 daAuts
  Lair:2: 1361 daAuts
   Elf:1: 1335 daAuts
     D:6: 1292 daAuts
  Lair:5: 1270 daAuts
Shoals:1: 1267 daAuts
Spider:1: 1252 daAuts
    D:12: 1226 daAuts
Spider:3: 1199 daAuts
Spider:4: 1147 daAuts
